AoeStats
← federico.parolin

Arabia

510665832Analyzed
1v1 RM · 16h ago on Oct 2, 2026· 28m 21s· 2 players
Game mode
Random Map
Map size
Tiny (2 player)
Population
200
Speed
Normal
Resources
Standard
Victory
Conquest
Starting age
Dark Age
Ending age
Imperial Age
RankedLock teamsTeams togetherTeam positionsShared explorationLock speedFull tech treeHidden civsTurbo modeCheats
Victory
Defeat
🇦🇷 Portuguese · Argentina
1093
+15
🇦🇷 Franks · Argentina
1078
-15
federico.parolin
6:35 Loom
9:48 Feudal Age
12:59 Double-Bit Axe
14:50 Padded Archer Armor
16:02 Fletching
18:02 Scale Barding Armor
20:27 Forging
25:31 Castle Age
23:55 Gold Mining
26:53 Chain Barding Armor
franoterot
11:15 Feudal Age
9:43 Loom
16:07 Fletching
22:44 Castle Age
23:12 Padded Archer Armor
22:50 Crossbowman
23:29 Bodkin Arrow
24:59 Gold Mining
27:09 Thumb Ring
Connection lost

Rejoining the realm…

Still unreachable

The connection could not be restored.

Session expired

The server has moved on; the page needs a fresh start.